 Dungeon Crawl Stone Soup version 0.29-a0-813-g4a14ea37d6 (webtiles) character file.

Game seed: 15675630426542556839

10256 purpskrrrp the Grappler (level 11, -4/104 HPs)
             Began as a Troll Wanderer on July 4, 2022.
             Was an Elder of Makhleb.
             Slain by a two-headed ogre
             ... wielding a +0 great mace
              (24 damage)
             ... on level 9 of the Dungeon.
             The game lasted 00:46:33 (7161 turns).

purpskrrrp the Grappler (Troll Wanderer)            Turns: 7161, Time: 00:46:40

Health: -4/104     AC: 16    Str: 24    XL:     11   Next: 33%
Magic:  13/13      EV: 11    Int:  6    God:    Makhleb [****..]
Gold:   526        SH:  0    Dex: 11    Spells: 12/12 levels left

rFire   . . .      SeeInvis .     - Unarmed
rCold   . . .      Faith    .   (no shield)
rNeg    + . .      Spirit   .   J - +0 steam dragon scales
rPois   .          Reflect  .   (helmet restricted)
rElec   .          Harm     .   p - +2 cloak
rCorr   .          Rampage  .   (gloves unavailable)
Will    .....                   (boots unavailable)
Stlth   +.........              k - amulet of the acrobat
HPRegen 1.07/turn               C - +4 ring of protection
MPRegen 0.13/turn               w - ring of positive energy

@: no status effects
A: large, unfitting armour, claws 3, regeneration 1, shaggy fur 1, tough skin 1,
iridescent scales 1, sense surroundings 1, weak 1
a: Renounce Religion, Minor Destruction, Lesser Servant of Makhleb, Major
Destruction


You were on level 9 of the Dungeon.
You worshipped Makhleb.
Makhleb was greatly pleased with you.
You visited 2 branches of the dungeon, and saw 10 of its levels.
You also visited: Ossuary.

You collected 570 gold pieces.
You spent 44 gold pieces at shops.

Inventory:

Hand Weapons
 a - a +3 sling
 b - a +0 short sword
 K - a +1 vorpal morningstar
 L - a +0 giant spiked club of electrocution
 R - a +5 war axe
Missiles
 h - 48 poisoned darts
 n - 2 atropa-tipped darts
 x - 54 stones
 y - 2 boomerangs
 M - 3 large rocks (quivered)
Armour
 c - a +0 cloak
 e - a +1 robe
 p - a +2 cloak (worn)
 A - an orb of light
 J - +0 steam dragon scales (worn)
Jewellery
 i - a ring of fire
 j - a ring of ice
 k - an amulet of the acrobat (around neck)
 l - a ring of magical power
 r - an amulet of magic regeneration
 w - a ring of positive energy (right claw)
 C - a +4 ring of protection (left claw)
 H - a ring of poison resistance
Wands
 t - a wand of paralysis (24)
 P - a wand of flame (49)
 Q - a wand of digging (1)
Scrolls
 q - a scroll of poison
 s - 4 scrolls of silence
 B - 8 scrolls of teleportation
 D - 3 scrolls of fear
 G - a scroll of fog
 O - a scroll of identify
 S - a scroll of immolation {unknown}
Potions
 d - 2 potions of heal wounds
 f - 2 potions of resistance
 g - a potion of degeneration
 m - 2 potions of brilliance
 o - 3 potions of flight
 u - a potion of lignification
 v - a potion of invisibility
 z - a potion of haste {unknown}
 E - 2 potions of cancellation
 F - 2 potions of might
 I - a potion of magic
 N - 6 potions of curing


   Skills:
 + Level 5.2 Fighting
 + Level 1.0 Short Blades
 + Level 1.2(2.9) Axes
 * Level 4.1(4.4) Maces & Flails
 + Level 1.2(1.9) Polearms
 + Level 1.2(2.9) Staves
 + Level 3.7 Ranged Weapons
 + Level 1.6 Throwing
 + Level 1.2 Armour
 * Level 6.0 Dodging
 - Level 1.0 Stealth
 * Level 10.4 Unarmed Combat
 + Level 1.0 Spellcasting
 + Level 1.1 Conjurations
 + Level 1.0 Hexes
 + Level 1.1 Summonings
 + Level 1.2 Necromancy
 + Level 1.2 Translocations
 + Level 1.5 Transmutations
 + Level 1.1 Fire Magic
 + Level 1.1 Ice Magic
 + Level 1.0 Air Magic
 + Level 1.7 Earth Magic
 + Level 1.1 Poison Magic
 * Level 4.5 Invocations
 + Level 2.2 Evocations


You had 12 spell levels left.
You didn't know any spells.
Your spell library contained the following spells:

 Spells                   Type           Power      Damage    Failure   Level
 Foxfire                  Conj/Fire      4%         2x1d4     28%         1
 Freeze                   Ice            4%         1d3       28%         1
 Blink                    Tloc           2%         N/A       38%         2
 Lesser Beckoning         Tloc           1%         N/A       63%         3
 Conjure Flame            Conj/Fire      1%         6-21      65%         3
 Frozen Ramparts          Ice            2%         1d2       65%         3
 Inner Flame              Hex/Fire       1%         N/A       65%         3
 Flame Wave               Conj/Fire      1%         2d4       96%         4
 Hailstorm                Conj/Ice       1%         3d3       96%         4
 Manifold Assault         Tloc           1%         N/A       100%        5


Dungeon Overview and Level Annotations

Branches:
Dungeon (9/15)             Temple (1/1) D:5         Ossuary (visited)
   Lair: D:8-11         Orc: D:9-12

Altars:
Ashenzari
Cheibriados
Dithmenos
Elyvilon
Fedhas
Gozag
Hepliaklqana
Kikubaaqudgha
Makhleb
Nemelex Xobeh
Okawaru
Qazlal
Ru
Sif Muna
Trog
Vehumet
Wu Jian
Xom
Yredelemnul
Zin
The Shining One

Shops:
D:2 (([!   D:4 [?


Innate Abilities, Weirdness & Mutations

You are too large for most types of armour.
You have claws for hands.
Your natural rate of healing is unusually fast.
You are covered in fur. (AC +1)
You have tough skin. (AC +1)
You are partially covered in iridescent scales. (AC +2)
You passively map a small area around you.
You are weak. (Str -2)


Message History

Press: ? - help, Q - select action, (/) - cycle Shift-Dir - straight line, f - two-headed ogre
Aim: a two-headed ogre, wielding a +0 great mace and a +0 giant spiked club (73% to hit)
You throw a large rock.
The large rock barely misses the two-headed ogre.
You feel sick.
You are no longer poisoned.
Throw: 4 large rocks
Press: ? - help, Q - select action, (/) - cycle Shift-Dir - straight line, f/p - two-headed ogre
Aim: a two-headed ogre, wielding a +0 great mace and a +0 giant spiked club (73% to hit)
You throw a large rock.
The large rock hits the two-headed ogre!
The two-headed ogre is lightly wounded.
The two-headed ogre hits you with a +0 great mace.
The two-headed ogre barely misses you.
You barely miss the two-headed ogre.
The two-headed ogre is lightly wounded.
The two-headed ogre hits you with a +0 great mace.
The two-headed ogre completely misses you.
You mangle the two-headed ogre!!
The two-headed ogre is heavily wounded.
You scratch the two-headed ogre.
The two-headed ogre is severely wounded.
The two-headed ogre hits you with a +0 great mace!!
The two-headed ogre hits you with a +0 giant spiked club!
You claw the two-headed ogre! You claw the two-headed ogre.
The two-headed ogre is almost dead.
You barely miss the two-headed ogre.
The two-headed ogre is almost dead.
The two-headed ogre hits you with a +0 great mace.
The two-headed ogre hits you with a +0 giant spiked club!
* * * LOW HITPOINT WARNING * * *
You barely miss the two-headed ogre.
The two-headed ogre is almost dead.
You scratch the two-headed ogre.
You claw the two-headed ogre, but do no damage.
The two-headed ogre is almost dead.
The two-headed ogre hits you with a +0 great mace!
* * * LOW HITPOINT WARNING * * *
The two-headed ogre hits you with a +0 giant spiked club!!
You die...

................###....#.
, ...............#*
##...#. *
,...#...........# #....#
..###....#.....#* ##.....
, ,,.*
##..###.....###...... , *
##).#.^............. *
##..................#
##....................
#...(@O..............#
..........(..............
.........................
.........................
.......................<#
...............(.........
,
...#.....................
..###....................
* ,, ,.........


You could see a two-headed ogre.

Vanquished Creatures
  Amaemon (D:9)
  The ghost of omnomnOMINOUS the Tainted, a novice OpWn of Yredelemnul (D:6)
  An orange demon (D:9)
  Maggie (D:6)
  Grinder (D:4)
  Sigmund (D:5)
  2 wyverns
  2 humans (D:9)
  Menkaure (D:5)
  A steam dragon (D:8)
  An acid dragon (D:8)
  An orc warrior (D:8)
  2 water moccasins
  3 sky beasts
  A black bear (D:6)
  2 ice beasts
  2 ogres (D:6)
  2 kobold brigands
  2 necrophages
  6 bullfrogs
  2 scorpions
  5 wights (D:8)
  3 killer bees (D:6)
  A howler monkey (D:7)
  3 centaur zombies (Ossuary)
  Crazy Yiuf (D:7)
  3 orc priests
  6 hounds
  A jelly (D:6)
  4 iguanas
  A gnoll bouda (D:7)
  5 orc wizards
  6 mummies (Ossuary)
  8 gnolls
  5 adders
  A white imp (D:6)
  2 ufetubi (D:5)
  2 worms
  5 dart slugs
  24 orcs
  3 ball pythons
  6 endoplasms
  4 giant cockroaches
  6 goblins
  9 hobgoblins
  32 kobolds
  3 quokkas (D:1)
  5 bats
  3 frilled lizards
  6 hobgoblin zombies (Ossuary)
  3 rats
202 creatures vanquished.

Vanquished Creatures (others)
  A fungus (D:7)
  16 plants (D:4)
17 creatures vanquished.

Grand Total: 219 creatures vanquished

Notes
Turn   | Place    | Note
-------+----------+-------------------------------------------
     0 | D:1      | purpskrrrp the Troll Wanderer began the quest for the Orb.
     0 | D:1      | purpskrrrp set off with the following items: a +2 sling, a
                  | +0 short sword, a +0 cloak, a potion of curing, a +0 robe.
     0 | D:1      | Reached XP level 1. HP: 23/23 MP: 1/1
     0 | D:1      | Noticed a felid
     3 | D:1      | Noticed a ghoul
     5 | D:1      | Noticed a barachi
     6 | D:1      | Noticed a draconian
     7 | D:1      | Noticed a merfolk
    11 | D:1      | Noticed a gargoyle
    17 | D:1      | Noticed an octopode
    19 | D:1      | Noticed a minotaur skeleton
   140 | D:1      | Reached XP level 2. HP: 31/31 MP: 2/2
   942 | D:2      | Found Seqik's Distillery.
   942 | D:2      | Found Aweqesh's Armour Boutique.
   952 | D:2      | Found Boreics's Weapon Shoppe.
  1100 | D:2      | Reached XP level 3. HP: 39/39 MP: 3/3
  1236 | D:2      | Found a faded altar of an unknown god.
  1814 | D:2      | Found Jeosch's Weapon Shop.
  2051 | D:3      | Found a radiant altar of Vehumet.
  2107 | D:3      | Noticed a necrophage
  2136 | D:3      | Killed a necrophage
  2137 | D:3      | Reached skill level 1 in Dodging
  2137 | D:3      | Reached XP level 4. HP: 19/48 MP: 4/4
  2457 | D:3      | Reached XP level 5. HP: 53/54 MP: 5/5
  2510 | D:3      | Found a shimmering blue altar of Sif Muna.
  2510 | D:3      | Found a burning altar of Makhleb.
  2549 | D:3      | Became a worshipper of Makhleb the Destroyer
  2613 | D:4      | Found Kizos's Magic Scroll Shoppe.
  2616 | D:4      | Bought a scroll of identify for 22 gold pieces
  2616 | D:4      | Bought a scroll of identify for 22 gold pieces
  2687 | D:4      | Reached skill level 1 in Unarmed Combat
  2729 | D:4      | Reached skill level 2 in Unarmed Combat
  2729 | D:4      | Reached XP level 6. HP: 21/62 MP: 6/6
  2840 | D:4      | Noticed Grinder
  2847 | D:4      | Paralysed by Grinder for 4 turns
  2861 | D:4      | Killed Grinder
  2861 | D:4      | Reached * piety under Makhleb
  2862 | D:4      | Reached skill level 3 in Unarmed Combat
  2862 | D:4      | Reached XP level 7. HP: 47/70 MP: 7/7
  2987 | D:4      | Reached skill level 4 in Unarmed Combat
  3197 | D:4      | Found Tuamiesch's Armour Shop.
  3261 | D:4      | Identified the +0 leather armour "Tyxad" {Str-4 Dex-3
                  | Slay+5 Stlth+}
  3751 | D:5      | Entered Level 5 of the Dungeon
  3815 | D:5      | Reached ** piety under Makhleb
  3872 | D:5      | Reached skill level 5 in Unarmed Combat
  3874 | D:5      | Found a staircase to the Ecumenical Temple.
  4048 | D:5      | Found a hazy altar of Hepliaklqana.
  4088 | D:5      | Reached XP level 8. HP: 78/78 MP: 8/8
  4123 | D:5      | Noticed Sigmund
  4127 | D:5      | Killed Sigmund
  4128 | D:5      | Reached skill level 6 in Unarmed Combat
  4136 | D:5      | Noticed Menkaure
  4144 | D:5      | Killed Menkaure
  4509 | Temple   | Entered the Ecumenical Temple
  4825 | D:5      | You fall into a shaft and drop 1 floor!
  4879 | D:6      | Found a runed translucent gate.
  4879 | D:6      | Found a runed translucent gate.
  4879 | D:6      | Found a runed translucent gate.
  4879 | D:6      | Noticed omnomnOMINOUS's ghost (novice OpWn)
  4896 | D:6      | Reached skill level 1 in Invocations
  4901 | D:6      | Reached skill level 7 in Unarmed Combat
  4949 | D:6      | Found a sand-covered staircase.
  4955 | Ossuary  | Entered an ossuary
  5026 | Ossuary  | Reached *** piety under Makhleb
  5138 | D:6      | Reached XP level 9. HP: 85/85 MP: 9/9
  5231 | D:6      | Reached skill level 8 in Unarmed Combat
  5328 | D:6      | Found an opulent altar of Gozag.
  5455 | D:6      | Noticed Maggie
  5465 | D:6      | Killed Maggie
  5466 | D:6      | Reached skill level 5 in Dodging
  5666 | D:6      | Killed omnomnOMINOUS's ghost
  5667 | D:6      | Reached skill level 5 in Fighting
  5667 | D:6      | Reached skill level 9 in Unarmed Combat
  5803 | D:7      | Reached skill level 1 in Maces & Flails
  5824 | D:7      | Gained mutation: You are partially covered in iridescent
                  | scales. (AC +2) [potion of mutation]
  5824 | D:7      | Gained mutation: You are weak. (Str -2) [potion of
                  | mutation]
  5824 | D:7      | Gained mutation: You passively map a small area around you.
                  | [potion of mutation]
  6080 | D:7      | Found a runed translucent door.
  6081 | D:7      | Noticed Crazy Yiuf
  6086 | D:7      | Killed Crazy Yiuf
  6280 | D:8      | Reached XP level 10. HP: 96/96 MP: 11/11
  6330 | D:8      | Reached skill level 1 in Axes
  6330 | D:8      | Reached skill level 1 in Polearms
  6330 | D:8      | Reached skill level 1 in Staves
  6330 | D:8      | Reached skill level 1 in Throwing
  6330 | D:8      | Reached skill level 1 in Armour
  6330 | D:8      | Reached skill level 10 in Unarmed Combat
  6330 | D:8      | Reached skill level 1 in Conjurations
  6330 | D:8      | Reached skill level 1 in Hexes
  6330 | D:8      | Reached skill level 1 in Summonings
  6330 | D:8      | Reached skill level 1 in Necromancy
  6330 | D:8      | Reached skill level 1 in Translocations
  6330 | D:8      | Reached skill level 1 in Transmutations
  6330 | D:8      | Reached skill level 1 in Fire Magic
  6330 | D:8      | Reached skill level 1 in Ice Magic
  6330 | D:8      | Reached skill level 1 in Air Magic
  6330 | D:8      | Reached skill level 1 in Earth Magic
  6330 | D:8      | Reached skill level 1 in Poison Magic
  6330 | D:8      | Reached XP level 11. HP: 48/102 MP: 11/13
  6642 | D:8      | Reached **** piety under Makhleb
  7081 | D:9      | Found an iron altar of Okawaru.
  7131 | D:9      | Noticed Amaemon
  7141 | D:9      | Killed Amaemon
  7150 | D:9      | Noticed a two-headed ogre
  7161 | D:9      | Slain by a two-headed ogre

Illustrated notes

Levels and vault maps discovered:
D:1:      shiori_arrival_whats_in_store_for_you, layout_loops_ring
D:2:      layout_loops_cross, serial_shops, shop, nicolae_square_shop, shop,
          nicolae_shop_competitors_out_of_business, basic_ecumenical_altar,
          serial_co_window_serial, co_window_cross_1, co_window_paths_b,
          co_window_corner_a, co_window_paths_a, co_window_of_opportunity_a,
          co_window_corner_a, co_window_cross_4, co_window_of_opportunity_b,
          co_window_cross_2, co_window_corner_cb, co_window_corner_b,
          co_window_corner_b, co_window_4corner_b, glass_columns_c,
          glass_columns_c, glass_columns_a
D:3:      layout_basic, gammafunk_temple_overflow_pools, fiery_altar_vehumet,
          nicolae_concentric_dashed_squares_mild, nrook_mini_backslash, hex_tiny
D:4:      kennysheep_kobold_camp, layout_cave_pools, serial_shops, shop,
          nicolae_stop_n_shop_2, serial_column_ruins,
          column_ruins_square_medium, column_ruins_columns_corner,
          column_ruins_corridor_straight, column_ruins_grid_1,
          column_ruins_grid_3, roderic_roman_lattice, cheibrodos_gnoll_hut,
          uniq_grinder
D:5:      layout_basic, worldfamousw_hep_ancestral_shrine,
          minmay_temple_entry_large_hall, uniq_menkaure, uniq_sigmund
D:6:      layout_rooms, nicolae_gozag_seed_capital, ebering_ghost_rock_garden,
          lightli_ossuary_entry_decrepit_ruins, kennysheep_small_square,
          uniq_maggie
D:7:      layout_rooms, uniq_crazy_yiuf_cottage
D:8:      layout_cave_pools
D:9:      layout_big_octagon, mainiacjoe_overflow_small_starburst,
          okawaru_humans, uniq_amaemon
Temple:   regret_index_temple_generic_petals

Skill      XL: |  1  2  3  4  5  6  7  8  9 10 11 |
---------------+----------------------------------+-----
Ranged Weapons | 2 3 |  3.7
Dodging        | 1 2 3 4 5 6 |  6.0
Fighting       | 4 5 |  5.2
Unarmed Combat | 2 3 5 7 9 10 | 10.4
Invocations    | 1 3 4 |  4.5
Maces & Flails | 2 4 |  4.1
Axes           | 1 |  1.2
Polearms       | 1 |  1.2
Staves         | 1 |  1.2
Throwing       | 1 |  1.6
Armour         | 1 |  1.2
Conjurations   | 1 |  1.1
Hexes          | 1 |  1.0
Summonings     | 1 |  1.1
Necromancy     | 1 |  1.2
Translocations | 1 |  1.2
Transmutations | 1 |  1.5
Fire Magic     | 1 |  1.1
Ice Magic      | 1 |  1.1
Air Magic      | 1 |  1.0
Earth Magic    | 1 |  1.7
Poison Magic   | 1 |  1.1
Evocations     | 2 |  2.2
Short Blades   | |  1.0
Stealth        | |  1.0
Spellcasting   | |  1.0

Action                   |  1- 3 |  4- 6 |  7- 9 | 10-12 || total
-------------------------+-------+-------+-------+-------++-------
Melee: Unarmed           |     7 |   104 |   363 |    31 ||   505
       Punch             |       |     1 |    10 |     2 ||    13
       Giant spiked club |       |       |    66 |    93 ||   159
 Fire: Sling             |   124 |       |       |       ||   124
Throw: Dart              |       |       |     4 |       ||     4
       Large rock        |       |       |     4 |     6 ||    10
Invok: Minor Destruction |       |       |     1 |       ||     1
  Use: Scroll            |     7 |     5 |    14 |     1 ||    27
       Potion            |       |     3 |     2 |     1 ||     6
Armor: Robe              |    19 |    53 |   126 |       ||   198
       Steam dragon scal |       |       |    86 |   104 ||   190
Dodge: Dodged            |    40 |    67 |   302 |   109 ||   518

Table legend: (Time is in decaauts)
 A = Elapsed time spent in this place.
 B = Non-inter-level travel time spent in this place.
 C = Inter-level travel time spent in this place.
 D = Time resting spent in this place.
 E = Time spent auto-exploring this place.
 F = Levels seen in this place.
 G = Mean time per level.
                   A        B        C        D        E       F      G
               +--------+--------+--------+--------+--------+-----+--------+
         Total |   7269 |   6376 |    893 |    320 |   4187 |  11 |  660.8 |
       Dungeon |   6836 |   6017 |    819 |    304 |   3959 |   9 |  759.6 |
        Temple |    310 |    236 |     74 |      0 |    228 |   1 |  310.0 |
       Ossuary |    122 |    122 |      0 |     16 |      0 |   1 |  122.0 |
               +--------+--------+--------+--------+--------+-----+--------+

Top non-repeatable levels by time:
     D:4: 1129 daAuts
     D:2: 1082 daAuts
     D:1: 957 daAuts
     D:6: 830 daAuts
     D:8: 798 daAuts
     D:5: 753 daAuts
     D:3: 610 daAuts
     D:7: 527 daAuts
  Temple: 310 daAuts
     D:9: 147 daAuts
 Ossuary: 122 daAuts
